 Dungeon Crawl Stone Soup version 0.16.1-16-gc44b35d (webtiles) character file.

151 karvarausku the Twirler (level 5, -1/38 HPs)
             Began as a Demonspawn Gladiator on Apr 19, 2015.
             Slain by a giant gecko (2 damage)
             ... on level 3 of the Dungeon.
             The game lasted 00:04:09 (1954 turns).

karvarausku the Twirler (Demonspawn Gladiator)      Turns: 1954, Time: 00:04:11

Health: -1/38      AC:  9    Str: 16    XL:     5   Next: 10%
Magic:  5/5        EV:  7    Int: 10    God:
Gold:   127        SH:  0    Dex: 15    Spells: 0 memorised, 4 levels left

rFire  + . .     SeeInvis .     a - +0 quarterstaff
rCold  . . .     Clarity  .     r - +0 chain mail
rNeg   . . .     SustAb   .     (no shield)
rPois  .         Gourm    .     (helmet restricted)
rElec  .         Spirit   .     s - +0 cloak
rCorr  .         Warding  .     (no gloves)
rMut   .         Stasis   .     (no boots)
MR     .....                    (no amulet)
Stlth  ..........               (no ring)
                                (no ring)

@: very slightly contaminated, slowed, very slow, not resistant to hostile
enchantments, extremely unstealthy
A: antennae 1, thin skeletal structure 1, fire resistance 1
a: no special abilities


You were on level 3 of the Dungeon.
You were hungry.

You visited 1 branch of the dungeon, and saw 3 of its levels.

You collected 127 gold pieces.

Inventory:

Hand weapons
 a - a +0 quarterstaff (weapon)
Missiles
 d - 3 throwing nets (quivered)
Armour
 b - a +0 leather armour
 c - a +0 helmet
 r - a +0 chain mail (worn)
 s - a +0 cloak (worn)
Magical devices
 l - a wand of confusion (24)
Scrolls
 e - 3 scrolls of remove curse {unknown}
 g - a scroll of magic mapping {unknown}
 h - 5 scrolls of identify {unknown}
 i - a scroll of blinking {unknown}
 m - a scroll of noise {unknown}
 q - a scroll of fog {unknown}
Comestibles
 f - 2 bread rations
 o - a meat ration


   Skills:
 - Level 2.0 Fighting
 + Level 5.3 Staves
 - Level 1.7 Throwing
 - Level 2.6 Dodging


You had 4 spell levels left.
You didn't know any spells.

Dungeon Overview and Level Annotations

Branches:
Dungeon (3/15)

Altars:
Trog
Vehumet


Innate Abilities, Weirdness & Mutations

You have a pair of small antennae on your head.
You have a somewhat thin skeletal structure (Dex +2, Stealth).
Your flesh is heat resistant.


Message History

The orc wizard gestures wildly while chanting.
The orc wizard blinks!
The orc wizard gestures wildly while chanting.
The orc wizard blinks!
The giant gecko bites you but does no damage.
You float gracefully downwards.
The orc wizard hits you with a dagger.
* * * LOW HITPOINT WARNING * * *
The orc wizard hits you but does no damage. x2
The orc wizard closely misses you. The orc wizard casts a spell at you.
You feel yourself slow down.
The orc wizard hits you but does no damage.
The orc wizard mumbles some strange words.
The orc wizard blinks!
The orc wizard gestures at you while chanting.
The magic dart hits you!
* * * LOW HITPOINT WARNING * * *
The giant gecko bites you.
You die...

.....#.###.#.....................
..).#................>..........#
...............................#.
.......####..[......o.........#..
.......## ###................#...
....#...# ##..............#....
...###..# #.......#.#.#.#.....
.### #..### #.......# .........
.#####....# ###@....# ...#.....
†......##.## #.l.##### .........
.##.##.##..###K#.## #..#.....
....##.†.......#..########.......
............##....##.....###.....
.......#...#####.....#####.......
..........?# #####...........†.
.....#._.#.# #.#.#.#.#.....
.%.........# #..........###


You could see an orc wizard, a giant gecko and a kobold.

Vanquished Creatures
  An orc wizard (D:3)
  4 adders
  3 worms
  3 giant geckos
  2 orcs (D:3)
  2 ball pythons (D:1)
  5 giant cockroaches
  4 goblins
  9 hobgoblins
  7 jackals
  7 kobolds
  5 bats
  2 giant newts (D:2)
  11 rats
65 creatures vanquished.

Vanquished Creatures (others)
  An orc (D:3)
1 creature vanquished.

Grand Total: 66 creatures vanquished

Notes
Turn   | Place    | Note
--------------------------------------------------------------
     0 | D:1      | karvarausku, the Demonspawn Gladiator, began the quest for the Orb.
     0 | D:1      | Reached XP level 1. HP: 16/16 MP: 1/1
    23 | D:1      | Reached skill level 3 in Staves
    36 | D:1      | Gained mutation: You have a pair of small antennae on your head. [demonic ancestry]
    36 | D:1      | Reached XP level 2. HP: 6/22 MP: 2/2
   743 | D:1      | Gained mutation: Your flesh is heat resistant. [demonic ancestry]
   743 | D:1      | Reached XP level 3. HP: 22/27 MP: 3/3
   880 | D:1      | Reached skill level 4 in Staves
  1006 | D:2      | Found a bloodstained altar of Trog.
  1481 | D:3      | Gained mutation: You have a somewhat thin skeletal structure (Dex +2, Stealth). [demonic ancestry]
  1481 | D:3      | Reached XP level 4. HP: 30/33 MP: 4/4
  1882 | D:3      | Reached skill level 5 in Staves
  1902 | D:3      | Reached XP level 5. HP: 26/38 MP: 5/5
  1934 | D:3      | Found a radiant altar of Vehumet.
  1954 | D:3      | HP: 1/38 [orc wizard/magic dart (5)]
  1954 | D:3      | Slain by a giant gecko

Action                   |  1- 3 |  4- 6 || total
-------------------------+-------+-------++-------
Melee: Quarterstaff      |   124 |   105 ||   229
       Unarmed           |    33 |       ||    33
  Use: Potion            |       |     3 ||     3
 Stab: Invisible         |       |     2 ||     2
  Eat: Chunk             |     1 |     2 ||     3
